 Dungeon Crawl Stone Soup version 0.23.2-1-ga50397a (webtiles) character file.

Game seed: 17111735203927166767

343 troglodite the Grave Robber (level 6, -2/44 HPs)
             Began as a Demonspawn Necromancer on May 28, 2019.
             Slain by a gnoll
             ... wielding a +1 spear of electrocution
              (5 damage)
             ... on level 3 of the Dungeon.
             The game lasted 00:10:55 (3350 turns).

troglodite the Grave Robber (DsNe)                  Turns: 3350, Time: 00:10:56

Health: -2/44      AC:  5    Str:  9    XL:     6   Next: 31%
Magic:  9/11       EV: 13    Int: 16    God:
Gold:   119        SH:  0    Dex: 15    Spells: 3/12 levels left

rFire    . . .     SeeInvis .   f - +2 dagger (venom)
rCold    . . .     Gourm    .   (no shield)
rNeg     . . .     Faith    .   a - +1 robe
rPois    .         Spirit   .   (no helmet)
rElec    .         Reflect  .   (no cloak)
rCorr    .         Harm     .   (no gloves)
MR       .....                  (no boots)
Stlth    ++........             (no amulet)
HPRegen  0.14/turn              (no ring)
MPRegen  0.12/turn              (no ring)

@: about to teleport
A: yellow scales 1, powered by death 1, spiny 1
a: no special abilities


You were on level 3 of the Dungeon.
You were hungry.

You visited 1 branch of the dungeon, and saw 3 of its levels.
You also visited: Sewer.

You collected 119 gold pieces.

Inventory:

Hand Weapons
 f - a +2 dagger of venom (weapon)
Missiles
 o - 25 sling bullets
Armour
 a - a +1 robe (worn)
Wands
 l - a wand of disintegration (13)
Scrolls
 h - 3 scrolls of identify
Potions
 e - 2 potions of brilliance
 g - a potion of degeneration {unknown}
 i - a potion of haste
 j - a potion of mutation {unknown}
 k - a potion of agility {unknown}
 m - a potion of cancellation
Comestibles
 c - 6 rations


   Skills:
 * Level 1.6 Fighting
 * Level 1.3 Short Blades
 * Level 2.4 Dodging
 * Level 2.5 Stealth
 * Level 3.6 Spellcasting
 * Level 1.2 Charms
 * Level 5.8 Necromancy


You had 3 spell levels left.
You knew the following spells:

 Your Spells              Type           Power        Failure   Level  Hunger
a - Pain                  Necr           ###.         1%          1    None
b - Animate Dead          Necr           N/A          16%         4    ####...
c - Regeneration          Chrm/Necr      ##........   12%         3    ###....
d - Animate Skeleton      Necr           N/A          1%          1    None

Your spell library contained the following spells:

 Spells                   Type           Power        Failure   Level  Hunger
 Vampiric Draining        Necr           ###.......   4%          3    ###....


Dungeon Overview and Level Annotations

Branches:
Dungeon (3/15)

Altars:
Trog

Annotations:
D:3 1 transporter, Grendash's ghost, amateur DsGl


Innate Abilities, Weirdness & Mutations

You are partially covered in yellow scales. (AC +2)
You regenerate a little health from kills.
You are partially covered in sharp spines.


Message History

Confirm with . or Enter, or press ? or * to list all spells.
Aiming: Pain (safe; 1% risk of failure)
Press: ? - help, Shift-Dir - straight line, f/p - gnoll
Aim: a gnoll, wielding a +0 spear (severely wounded, chance to defeat MR: 86%)
The gnoll writhes in agony!
You kill the gnoll!
As you read the scroll of teleportation, it crumbles to dust.
You feel strangely unstable.
Grendash's ghost is struck by your spines.
Grendash's ghost hits you.
The gnoll hits you from afar with the +12 spear of the Spinneret {pain, SInv}!
The gnoll closely misses you.
The gnoll hits you from afar with a +0 halberd.
* * * LOW HITPOINT WARNING * * *
Grendash's ghost hits you!
* * * LOW HITPOINT WARNING * * *
You hit the gnoll.
The gnoll is poisoned.
The gnoll is moderately wounded.
The gnoll hits you with a +1 spear of electrocution.
You die...

. .....#.# #..# #...# #.##.#
.#####...#######.#####.#.###.#...
.............................#..#
..≈≈≈≈≈≈≈≈≈≈≈≈≈≈≈≈≈≈≈≈≈≈≈≈≈..#..#
#.≈≈≈≈≈≈≈≈≈≈≈≈≈≈≈≈≈≈≈≈≈≈≈≈≈..#...
#.≈≈#####...........#####≈≈..#.#.
#.≈≈#.#.#.###.©.###[#.#g#≈≈....#.
#.≈≈#g..###.#####.###...#≈≈..###.
#.≈≈###.......gg@Wgg..###≈≈..# #.
#.≈≈.8#.##'###)######.#8.≈≈..# #.
#.≈≈.##.#P.P#P.8#=.$# .≈≈. #.
#.≈≈.#..+.%..g©⌠#:?$'. .≈≈ #.
#.≈≈.##.#P.P#Pg8#%..#.# ##
#.≈≈.8#.##+###'###### #
#.≈≈###.............. # ≈≈..#
#.≈≈#...###g#####©###. . ≈≈..#
#.≈≈#.#.#.###.©.###.#! .#≈≈..#


You could see a gnoll shaman, Grendash's ghost and 3 gnolls.

Vanquished Creatures
  2 bullfrogs (Sewer)
  A crimson imp (D:2)
  2 gnolls (D:3)
  8 adders
  3 oozes (D:1)
  2 worms
  2 dart slugs
  2 leopard geckos
  An orc (D:2)
  7 giant cockroaches
  8 goblins
  6 hobgoblins
  4 ball pythons
  11 bats
  11 frilled lizards
  6 kobolds
  5 rats (D:1)
81 creatures vanquished.

Notes
Turn   | Place    | Note
-------+----------+-------------------------------------------
     0 | D:1      | troglodite the Demonspawn Necromancer began the quest for
                  | the Orb.
     0 | D:1      | Reached XP level 1. HP: 13/13 MP: 3/3
   234 | D:1      | Gained mutation: You are partially covered in sharp spines.
                  | [demonic ancestry]
   234 | D:1      | Reached XP level 2. HP: 17/20 MP: 0/5
   492 | D:1      | Reached skill level 5 in Necromancy
   657 | D:1      | Gained mutation: You regenerate a little health from kills.
                  | [demonic ancestry]
   657 | D:1      | Reached XP level 3. HP: 13/25 MP: 1/6
  1484 | D:2      | Reached skill level 1 in Fighting
  1484 | D:2      | Reached XP level 4. HP: 29/32 MP: 6/8
  1490 | D:2      | Learned a level 4 spell: Animate Dead
  1494 | D:2      | Learned a level 3 spell: Regeneration
  1710 | D:2      | Found a bloodstained altar of Trog.
  2237 | D:3      | Found a transporter.
  2648 | D:3      | Found a glowing drain.
  2673 | Sewer    | Entered a sewer
  2686 | Sewer    | Gained mutation: You are partially covered in yellow
                  | scales. (AC +2) [demonic ancestry]
  2686 | Sewer    | Reached XP level 5. HP: 28/37 MP: 9/9
  2722 | Sewer    | Learned a level 1 spell: Animate Skeleton
  2885 | Sewer    | Reached skill level 1 in Short Blades
  2989 | Sewer    | Reached skill level 1 in Charms
  2997 | Sewer    | Reached XP level 6. HP: 30/43 MP: 7/11
  3240 | D:3      | Identified the +12 spear of the Spinneret {pain, SInv}
  3323 | D:3      | Found a transporter.
  3343 | D:3      | Noticed Grendash's ghost (amateur DsGl)
  3350 | D:3      | Slain by a gnoll

Skill      XL: |  1  2  3  4  5 |
---------------+----------------+-----
Necromancy     | 5 |  5.8
Fighting       | 1 |  1.6
Dodging        | 2 |  2.4
Stealth        | 2 |  2.5
Spellcasting   | 3 |  3.6
Short Blades   | 1 |  1.3
Charms         | 1 |  1.2

Action                   |  1- 3 |  4- 6 || total
-------------------------+-------+-------++-------
Melee: Unarmed           |     2 |       ||     2
       Dagger            |    17 |    64 ||    81
 Cast: Pain              |    47 |    45 ||    92
  Use: Scroll            |       |    12 ||    12
 Stab: Sleeping          |       |     1 ||     1
  Eat: Chunk             |     2 |     6 ||     8
Armor: Robe              |     7 |    26 ||    33
Dodge: Dodged            |    14 |    59 ||    73
